AoeStats
← IllusiveJellyfish

Arabia

508561779Analyzed
2v2 RM · 7d ago on Sep 23, 2026· 25m 40s· 4 players
Game mode
Random Map
Map size
Medium (4 player)
Population
200
Speed
Normal
Resources
Standard
Victory
Conquest
Starting age
Dark Age
Ending age
Imperial Age
RankedLock teamsTeams togetherTeam positionsShared explorationLock speedFull tech treeHidden civsTurbo modeCheats
Victory
Defeat
🇨🇴 Danes · Colombia
1191
+16
🇻🇪 Saxons · Venezuela
1059
+20
🇺🇸 Hindustanis · United States
1177
-18
🇺🇸 Saxons · United States
1176
-18
hidalgo220
6:16 Loom
9:17 Feudal Age
16:46 Double-Bit Axe
17:38 Forging
17:48 Horse Collar
22:19 Castle Age
25:19 Scale Mail Armor
25:26 Scale Barding Armor
Jarcor
7:03 Loom
9:45 Feudal Age
10:12 Man-at-Arms
21:36 Castle Age
IllusiveJellyfish
5:12 Loom
9:35 Feudal Age
10:55 Double-Bit Axe
21:16 Fletching
23:30 Castle Age
22:55 Padded Archer Armor
23:48 Crossbowman
Oomeulbad
4:58 Loom
8:47 Feudal Age
9:29 Double-Bit Axe
10:00 Horse Collar
22:40 Castle Age
Connection lost

Rejoining the realm…

Still unreachable

The connection could not be restored.

Session expired

The server has moved on; the page needs a fresh start.